 Dungeon Crawl Stone Soup version 0.31-a0-844-gdc52ec4e09 (webtiles) character file.

Game seed: 14288888496487486300

245 retardedninja the Firebug (level 6, -5/34 HPs)
             Began as a Gargoyle Fire Elementalist on Sept 28, 2023.
             Slain by Duvessa
             ... wielding a +0 short sword of electrocution
              (9 damage)
             ... on level 4 of the Dungeon.
             The game lasted 00:06:03 (5228 turns).

retardedninja the Firebug (GrFE)                    Turns: 5228, Time: 00:06:03

Health: -5/34      AC:  9    Str: 11    XL:     6   Next: 10%
Magic:  0/10       EV: 12    Int: 18    God:
Gold:   162        SH:  0    Dex: 10    Spells: 8/11 levels left

rFire   . . .        l - +2 dagger (speed)
rCold   . . .        (no shield)
rNeg    + . .        r - +2 robe
rPois   ∞            (no helmet)
rElec   +            (no cloak)
rCorr   .            n - +0 pair of gloves
SInv    .            (no boots)
Will    .....        (no amulet)
Stlth   ++           (no ring)
HPRegen 0.25/turn    (no ring)
MPRegen 0.12/turn

%: no passive effects
@: no status effects
A: sickness immunity, AC +4, negative energy resistance 1, electricity
resistance, torment resistance 1, petrification resistance
a: no special abilities


You were on level 4 of the Dungeon.
You visited 1 branch of the dungeon, and saw 4 of its levels.

You collected 162 gold pieces.

Inventory:

Hand Weapons
 l - a +2 dagger of speed (weapon)
Armour
 n - a +0 pair of gloves (worn)
 r - a +2 robe (worn)
Scrolls
 j - a scroll of teleportation {unknown}
 k - a scroll of fear {unknown}
 o - 2 scrolls of immolation {unknown}
 p - a scroll of vulnerability {unknown}
 q - a scroll of identify {unknown}
Potions
 c - a potion of degeneration {unknown}
 d - a potion of heal wounds
 e - a potion of curing
 f - a potion of resistance {unknown}
 h - a potion of brilliance {unknown}
 i - a potion of cancellation {unknown}
 m - a potion of enlightenment {unknown}


   Skills:
 + Level 1.0 Fighting
 + Level 2.5 Dodging
 + Level 3.7 Stealth
 + Level 3.0 Spellcasting
 + Level 2.9 Conjurations
 + Level 3.9 Fire Magic


You had 8 spell levels left.
You knew the following spells:

 Your Spells              Type           Power      Damage    Failure   Level
a - Foxfire               Conj/Fire      60%        2x1d7     4%          1
b - Scorch                Fire           32%        2d6       4%          2

Your spell library contained the following spells:

 Spells                   Type           Power      Damage    Failure   Level
 Magic Dart               Conj           52%        1d5       4%          1
 Sting                    Tmut/Pois      8%         1d3       16%         1
 Inner Flame              Hex/Fire       9%         N/A       22%         3
 Volatile Blastmotes      Fire/Tloc      18%        2d11      22%         3
 Call Imp                 Summ           4%         N/A       24%         2
 Poisonous Vapours        Pois/Air       4%         N/A       24%         2
 Mephitic Cloud           Conj/Pois/Air  6%         N/A       32%         3
 Flame Wave               Conj/Fire      15%        2d7       36%         4
 Olgreb's Toxic Radiance  Pois           2%         N/A       85%         4


Dungeon Overview and Level Annotations

Branches:
Dungeon (4/15)
 Temple: D:4-7

Altars:
Kikubaaqudgha
Trog
Wu Jian

Shops:
D:3 *

Annotations:
D:4 Duvessa


Innate Abilities, Weirdness & Mutations

You are immune to sickness and miasma.
Your stone body is resilient. (AC +4)
You are immune to poison.
You resist negative energy. (rN+)
You are resistant to electric shocks. (rElec)
You are resistant to unholy torment.
You are immune to petrification.


Message History

You hit Dowan.
Dowan is almost dead.
Duvessa misses you. Dowan hits you with a +0 dagger.
You hit Dowan.
You kill Dowan!
Duvessa weeps, and shakes her weapon.
Duvessa goes berserk!
Duvessa closely misses you.
Your Fighting skill increases to level 1!
Your Spellcasting skill increases to level 3!
You have reached level 6!
Duvessa hits you with a +0 short sword of electrocution.
Duvessa hits you with a +0 short sword of electrocution!
Casting: Scorch (safe; 4% risk of failure)
Confirm with . or Enter, or press ? or * to list all spells.
Flames lash Duvessa but do no damage.
Duvessa hits you but does no damage. Duvessa barely misses you.
Duvessa barely misses you.
You see here a +0 leather armour.
Duvessa attacks as she pursues you!
Duvessa hits you with a +0 short sword of electrocution.
Duvessa attacks as she pursues you! Duvessa closely misses you.
Duvessa hits you but does no damage. x2
Casting: Foxfire (safe; 4% risk of failure)
Press: ? - help, Q - select action, (/) - cycle Dir - look around, f - activate You conjure some foxfire!
Duvessa hits you but does no damage. x2
The foxfire hits Duvessa.
Duvessa is lightly wounded.
The foxfire hits Duvessa but does no damage.
Duvessa is lightly wounded.
Duvessa barely misses you.
Duvessa hits you with a +0 short sword of electrocution. x2
You feel much better. Duvessa closely misses you.
Duvessa attacks as she pursues you!
Duvessa hits you with a +0 short sword of electrocution! x2
Duvessa attacks as she pursues you!
Duvessa hits you with a +0 short sword of electrocution!
* * * LOW HITPOINT WARNING * * *
Duvessa hits you with a +0 short sword of electrocution!
You die...

.....#.# #...# .#
#..#.###...# ..#
#..........###..#
.####+#.###.#......#
........# #.###.##.#
###...).###........#
##.......######.##.#
#.........####....#.#
+...@.....+......###.
#...e.....####....#.#
##.....[.## ##.##.##
##.....## ####.#
##...## #.# ##+## #.#
#.# #.# #.#


You could see Duvessa (berserk, fast).

Vanquished Creatures
  Dowan (D:4)
  An iguana (D:4)
  An orc wizard (D:4)
  5 adders
  A worm (D:2)
  4 dart slugs
  2 orcs (D:4)
  6 bats
  5 endoplasms
  A giant cockroach (D:2)
  14 hobgoblins
  9 jackals
  7 quokkas
  6 ball pythons
  4 frilled lizards
  8 goblins
  3 kobolds
  7 rats
85 creatures vanquished.

Vanquished Creatures (others)
  338 foxfires
338 creatures vanquished.

Grand Total: 423 creatures vanquished

Notes
Turn   | Place    | Note
-------+----------+-------------------------------------------
     0 | D:1      | retardedninja the Gargoyle Fire Elementalist began the
                  | quest for the Orb.
     0 | D:1      | Reached XP level 1. HP: 10/10 MP: 3/3
   207 | D:1      | Reached XP level 2. HP: 15/15 MP: 1/5
  1316 | D:1      | Reached XP level 3. HP: 19/19 MP: 3/6
  2101 | D:2      | Found an ancient bone altar of Kikubaaqudgha.
  2416 | D:2      | Learned a level 2 spell: Scorch
  2676 | D:2      | Reached XP level 4. HP: 24/24 MP: 0/7
  3733 | D:3      | Reached XP level 5. HP: 28/28 MP: 4/9
  3977 | D:3      | Found an ornate altar of the Wu Jian Council.
  4118 | D:3      | Identified the +0 leather armour "Veugy" {Will+ Dex+3}
  4197 | D:3      | Found a bloodstained altar of Trog.
  4264 | D:3      | Found Qoakosopp's General Store.
  4994 | D:4      | HP: 1/28 [something/magic dart (4)]
  5200 | D:4      | Noticed Duvessa
  5200 | D:4      | Noticed Dowan
  5211 | D:4      | Killed Dowan
  5212 | D:4      | Reached skill level 1 in Fighting
  5212 | D:4      | Reached XP level 6. HP: 30/34 MP: 1/10
  5228 | D:4      | Slain by Duvessa

Illustrated notes

Levels and vault maps discovered:
D:1:      saegor_arrival_miasma, layout_loops_corners, grunt_decor_mini_mirrors,
          reono_crystal_passage
D:2:      layout_basic, basic_altar, minivault_5
D:3:      minmay_recursive_quarters, layout_basic, lightli_temple_of_fire,
          pdpol_wu_jian_five_deadly_venoms, serial_shops, shop
D:4:      layout_loops_corners, lemuel_coloured_pillars_altar, temple_hall,
          uniq_duvessa

Skill      XL: |  1  2  3  4  5 |
---------------+----------------+-----
Dodging        | 2 |  2.5
Conjurations   | 2 |  2.9
Stealth        | 3 |  3.7
Fighting       | 1 |  1.0
Spellcasting   | 3 |  3.0
Fire Magic     | |  3.9

Action                     |  1- 3 |  4- 6 || total
---------------------------+-------+-------++-------
  Melee: Unarmed           |     4 |       ||     4
         Dagger            |     9 |    31 ||    40
   Cast: Foxfire           |   117 |    97 ||   214
         Scorch            |       |    13 ||    13
    Use: Potion            |       |     4 ||     4
         Scroll            |       |     2 ||     2
 Armour: Robe              |    35 |    66 ||   101
  Dodge: Dodged            |    40 |    45 ||    85

Table legend: (Time is in decaauts)
 A = Elapsed time spent in this place.
 B = Non-inter-level travel time spent in this place.
 C = Inter-level travel time spent in this place.
 D = Time resting spent in this place.
 E = Time spent auto-exploring this place.
 F = Levels seen in this place.
 G = Mean time per level.
                   A        B        C        D        E       F      G
               +--------+--------+--------+--------+--------+-----+--------+
         Total |   5213 |   5071 |    142 |      0 |   4304 |   4 | 1303.2 |
       Dungeon |   5213 |   5071 |    142 |      0 |   4304 |   4 | 1303.2 |
               +--------+--------+--------+--------+--------+-----+--------+

Top non-repeatable levels by time:
     D:1: 1785 daAuts
     D:2: 1622 daAuts
     D:3: 1512 daAuts
     D:4: 293 daAuts
